[ AOE2 MATCH · #506481480 ]
UnrankedTeutons vs Poles
Player's team · LOSS
Rival team · WIN
[ REPLAY ANALYSIS · EXTRACTED FROM THE RECORDED GAME ]
Feudal
10:13
Castle
26:24
Imperial
43:01
| APM avg | 35.3 |
| APM peak | 110 |
| eAPM avg | 16.5 |
| Villagers / military | 306 / 472 |
Focus
⚔️ 37.4% · 🌾 62.6%
Teutonic Knight ×263 · Knight ×91 · Hand Cannoneer ×67 · Trade Cart ×34 · Monk ×21 · Trebuchet (Packed) ×18
Feudal
9:02
Castle
23:33
Imperial
38:15
| APM avg | 37.5 |
| APM peak | 66 |
| eAPM avg | 20.1 |
| Villagers / military | 208 / 1016 |
Focus
⚔️ 40.6% · 🌾 59.4%
Obuch ×406 · Scout Cavalry ×236 · Spearman ×206 · Knight ×145 · Trebuchet (Packed) ×12 · Trade Cart ×9
Match map
Initial resources + every placement click. Lines = walls · curves = elevation contours. ◆ gold · ⬟ stone · ● berries · ✦ relic · ◌ wall gap
Your base· Open — unwalled flank
NewNormal's base· Open — unwalled flank
Smoothed initial terrain · ◌ = detected wall gap · hover for details
Inputs per minute
— VENI.VIDI.VICI. - - NewNormal
Build order — VENI.VIDI.VICI.
First 150 of 659 actions detected
| 0:00 | Queue | Villager (Male) |
| 0:00 | Queue | Villager (Male) |
| 0:00 | Queue | Villager (Male) |
| 0:00 | Queue | Villager (Male) |
| 0:00 | Queue | Villager (Male) |
| 0:02 | Build | House |
| 1:20 | Queue | Villager (Male) |
| 1:20 | Queue | Villager (Male) |
| 1:20 | Queue | Villager (Male) |
| 1:59 | Queue | Villager (Male) |
| 1:59 | Queue | Villager (Male) |
| 1:59 | Queue | Villager (Male) |
| 1:59 | Queue | Villager (Male) |
| 2:11 | Build | Lumber Camp |
| 2:25 | Queue | Villager (Male) |
| 2:25 | Queue | Villager (Male) |
| 2:25 | Queue | Villager (Male) |
| 2:25 | Queue | Villager (Male) |
| 2:25 | Queue | Villager (Male) |
| 2:25 | Queue | Villager (Male) |
| 2:25 | Queue | Villager (Male) |
| 2:44 | Queue | Villager (Male) |
| 2:44 | Queue | Villager (Male) |
| 2:44 | Queue | Villager (Male) |
| 2:44 | Queue | Villager (Male) |
| 2:44 | Queue | Villager (Male) |
| 3:07 | Queue | Villager (Male) |
| 3:07 | Queue | Villager (Male) |
| 3:07 | Queue | Villager (Male) |
| 3:11 | Build | House |
| 3:45 | Queue | Villager (Male) |
| 3:45 | Queue | Villager (Male) |
| 3:45 | Queue | Villager (Male) |
| 3:45 | Queue | Villager (Male) |
| 3:45 | Queue | Villager (Male) |
| 4:11 | Queue | Villager (Male) |
| 4:11 | Queue | Villager (Male) |
| 4:11 | Queue | Villager (Male) |
| 4:14 | Build | Mill |
| 4:55 | Queue | Villager (Male) |
| 4:55 | Queue | Villager (Male) |
| 4:55 | Queue | Villager (Male) |
| 4:55 | Queue | Villager (Male) |
| 4:55 | Queue | Villager (Male) |
| 4:55 | Queue | Villager (Male) |
| 4:57 | Queue | Villager (Male) |
| 4:57 | Queue | Villager (Male) |
| 4:57 | Queue | Villager (Male) |
| 4:57 | Queue | Villager (Male) |
| 4:57 | Queue | Villager (Male) |
| 5:20 | Build | House |
| 5:47 | Queue | Villager (Male) |
| 5:47 | Queue | Villager (Male) |
| 5:47 | Queue | Villager (Male) |
| 5:47 | Queue | Villager (Male) |
| 6:07 | Queue | Villager (Male) |
| 6:07 | Queue | Villager (Male) |
| 6:07 | Queue | Villager (Male) |
| 6:45 | Queue | Villager (Male) |
| 6:45 | Queue | Villager (Male) |
| 6:45 | Queue | Villager (Male) |
| 6:45 | Queue | Villager (Male) |
| 7:32 | Queue | Villager (Male) |
| 7:32 | Queue | Villager (Male) |
| 7:32 | Queue | Villager (Male) |
| 7:54 | Build | Mining Camp |
| 8:03 | Research | Feudal Age |
| 9:55 | Queue | Villager (Male) |
| 9:55 | Queue | Villager (Male) |
| 9:55 | Queue | Villager (Male) |
| 10:13 | Age | Feudal Age |
| 10:20 | Research | Loom |
| 10:21 | Queue | Villager (Male) |
| 10:21 | Queue | Villager (Male) |
| 10:21 | Queue | Villager (Male) |
| 10:21 | Queue | Villager (Male) |
| 10:33 | Build | House |
| 10:36 | Research | Double-Bit Axe |
| 10:36 | Research | Double-Bit Axe |
| 10:36 | Research | Double-Bit Axe |
| 10:53 | Build | Watch Tower |
| 10:57 | Build | Blacksmith |
| 11:03 | Build | House |
| 11:06 | Build | Palisade Wall |
| 11:24 | Build | Watch Tower |
| 12:20 | Queue | Villager (Male) |
| 12:20 | Queue | Villager (Male) |
| 12:36 | Build | Watch Tower |
| 12:45 | Research | Fletching |
| 13:21 | Build | Watch Tower |
| 13:38 | Build | Palisade Wall |
| 13:45 | Build | Palisade Wall |
| 13:50 | Build | Palisade Wall |
| 14:03 | Build | Lumber Camp |
| 14:50 | Queue | Villager (Male) |
| 14:50 | Queue | Villager (Male) |
| 14:50 | Queue | Villager (Male) |
| 14:50 | Queue | Villager (Male) |
| 14:50 | Queue | Villager (Male) |
| 15:01 | Build | Barracks |
| 15:32 | Queue | Spearman |
| 15:32 | Queue | Spearman |
| 15:32 | Queue | Spearman |
| 15:32 | Queue | Spearman |
| 15:40 | Build | Farm |
| 15:40 | Build | Farm |
| 15:41 | Build | Farm |
| 15:41 | Build | Farm |
| 15:41 | Build | Farm |
| 15:41 | Build | Farm |
| 15:41 | Build | Farm |
| 15:42 | Build | Farm |
| 16:24 | Build | Farm |
| 16:24 | Build | Farm |
| 16:25 | Build | Farm |
| 16:25 | Build | Farm |
| 16:25 | Build | Farm |
| 16:25 | Build | Farm |
| 16:26 | Build | Farm |
| 16:26 | Build | Farm |
| 16:26 | Build | Farm |
| 16:51 | Build | Watch Tower |
| 17:17 | Build | House |
| 17:26 | Build | House |
| 17:56 | Queue | Villager (Male) |
| 17:56 | Queue | Villager (Male) |
| 17:56 | Queue | Villager (Male) |
| 17:56 | Queue | Villager (Male) |
| 18:01 | Build | House |
| 18:57 | Build | Farm |
| 18:58 | Build | Farm |
| 18:58 | Build | Farm |
| 18:58 | Build | Farm |
| 18:58 | Build | Farm |
| 18:59 | Build | Farm |
| 18:59 | Build | Farm |
| 18:59 | Build | Farm |
| 18:59 | Build | Farm |
| 19:24 | Build | House |
| 19:46 | Queue | Spearman |
| 19:46 | Queue | Spearman |
| 19:46 | Queue | Spearman |
| 20:10 | Build | Farm |
| 20:29 | Build | Mining Camp |
| 21:04 | Build | Palisade Wall |
| 21:14 | Build | Palisade Wall |
| 21:16 | Build | Palisade Wall |
| 21:21 | Queue | Villager (Male) |
| 21:21 | Queue | Villager (Male) |
| 21:21 | Queue | Villager (Male) |
Build order — NewNormal
First 150 of 744 actions detected
| 0:01 | Queue | Villager (Male) |
| 0:02 | Queue | Villager (Male) |
| 0:02 | Queue | Villager (Male) |
| 0:02 | Build | House |
| 0:04 | Build | House |
| 0:28 | Queue | Villager (Male) |
| 0:28 | Queue | Villager (Male) |
| 0:28 | Queue | Villager (Male) |
| 0:28 | Queue | Villager (Male) |
| 1:32 | Queue | Villager (Male) |
| 1:32 | Queue | Villager (Male) |
| 1:32 | Queue | Villager (Male) |
| 1:46 | Build | Lumber Camp |
| 1:59 | Queue | Villager (Male) |
| 1:59 | Queue | Villager (Male) |
| 2:26 | Queue | Villager (Male) |
| 2:26 | Queue | Villager (Male) |
| 2:26 | Queue | Villager (Male) |
| 2:27 | Queue | Villager (Male) |
| 3:03 | Queue | Villager (Male) |
| 3:03 | Queue | Villager (Male) |
| 3:04 | Queue | Villager (Male) |
| 3:04 | Queue | Villager (Male) |
| 3:42 | Queue | Villager (Male) |
| 3:42 | Queue | Villager (Male) |
| 3:42 | Queue | Villager (Male) |
| 3:42 | Queue | Villager (Male) |
| 3:56 | Queue | Villager (Male) |
| 3:56 | Queue | Villager (Male) |
| 4:42 | Queue | Villager (Male) |
| 4:42 | Queue | Villager (Male) |
| 4:42 | Queue | Villager (Male) |
| 4:42 | Queue | Villager (Male) |
| 4:59 | Queue | Villager (Male) |
| 5:00 | Queue | Villager (Male) |
| 5:09 | Build | Mill |
| 5:29 | Queue | Villager (Male) |
| 5:29 | Queue | Villager (Male) |
| 5:29 | Queue | Villager (Male) |
| 6:05 | Research | Loom |
| 6:52 | Research | Feudal Age |
| 7:40 | Build | Barracks |
| 8:15 | Queue | Villager (Male) |
| 8:49 | Build | House |
| 8:58 | Queue | Villager (Male) |
| 9:02 | Age | Feudal Age |
| 9:04 | Build | Stable |
| 9:06 | Queue | Villager (Male) |
| 9:17 | Research | Double-Bit Axe |
| 9:18 | Research | Horse Collar |
| 9:29 | Queue | Villager (Male) |
| 9:34 | Build | Farm |
| 9:41 | Build | Farm |
| 9:53 | Queue | Scout Cavalry |
| 9:56 | Build | Farm |
| 9:59 | Build | Farm |
| 10:00 | Queue | Villager (Male) |
| 10:15 | Queue | Villager (Male) |
| 10:34 | Queue | Scout Cavalry |
| 10:35 | Queue | Scout Cavalry |
| 10:41 | Build | House |
| 10:51 | Build | Mill |
| 11:05 | Build | House |
| 11:54 | Queue | Scout Cavalry |
| 11:57 | Queue | Villager (Male) ×2 |
| 11:58 | Queue | Villager (Male) |
| 12:04 | Build | Farm |
| 12:22 | Build | Watch Tower |
| 12:27 | Build | Farm |
| 12:27 | Build | Farm |
| 12:40 | Build | Blacksmith |
| 12:47 | Queue | Villager (Male) |
| 12:47 | Queue | Villager (Male) |
| 13:07 | Build | Mining Camp |
| 13:09 | Queue | Villager (Male) |
| 13:37 | Queue | Villager (Male) |
| 13:37 | Queue | Villager (Male) |
| 13:43 | Build | Farm |
| 14:00 | Build | Farm |
| 14:26 | Queue | Villager (Male) |
| 14:26 | Queue | Villager (Male) |
| 14:50 | Build | Mill |
| 14:53 | Build | House |
| 15:09 | Build | Farm |
| 15:16 | Build | Farm |
| 15:23 | Queue | Villager (Male) |
| 15:23 | Queue | Villager (Male) |
| 15:40 | Build | Watch Tower |
| 15:43 | Queue | Villager (Male) |
| 15:43 | Queue | Villager (Male) |
| 15:43 | Queue | Villager (Male) |
| 15:50 | Build | Farm |
| 16:18 | Queue | Villager (Male) |
| 16:18 | Queue | Villager (Male) |
| 16:24 | Build | Farm |
| 16:24 | Build | Farm |
| 16:24 | Build | Farm |
| 16:28 | Build | Mining Camp |
| 16:29 | Queue | Villager (Male) |
| 16:29 | Queue | Villager (Male) |
| 16:46 | Queue | Scout Cavalry |
| 17:06 | Queue | Villager (Male) |
| 17:06 | Queue | Villager (Male) |
| 17:51 | Queue | Villager (Male) |
| 17:51 | Queue | Villager (Male) |
| 18:03 | Build | Market |
| 18:08 | Build | Mill |
| 18:10 | Build | Farm |
| 18:19 | Build | Watch Tower |
| 18:27 | Queue | Scout Cavalry |
| 18:29 | Queue | Villager (Male) |
| 18:32 | Build | Farm |
| 18:46 | Queue | Villager (Male) |
| 18:57 | Build | Farm |
| 19:14 | Queue | Scout Cavalry |
| 19:15 | Queue | Villager (Male) |
| 19:19 | Build | Farm |
| 19:32 | Build | Farm |
| 19:44 | Queue | Scout Cavalry |
| 19:46 | Queue | Villager (Male) |
| 20:06 | Queue | Villager (Male) |
| 20:10 | Build | Farm |
| 20:53 | Research | Castle Age |
| 21:19 | Research | Gold Mining |
| 21:58 | Research | Stone Mining |
| 22:24 | Research | Bloodlines |
| 22:27 | Build | Stable |
| 22:30 | Build | Lumber Camp |
| 22:50 | Build | Farm |
| 23:33 | Age | Castle Age |
| 23:39 | Research | Scale Barding Armor |
| 23:41 | Queue | Knight |
| 23:42 | Queue | Knight |
| 24:01 | Build | Castle |
| 24:03 | Queue | Villager (Male) |
| 24:04 | Queue | Villager (Male) |
| 24:07 | Research | Wheelbarrow |
| 24:16 | Queue | Knight |
| 24:40 | Queue | Knight |
| 24:40 | Queue | Knight |
| 24:53 | Queue | Scout Cavalry |
| 25:04 | Queue | Obuch |
| 25:10 | Queue | Villager (Male) |
| 25:11 | Queue | Villager (Male) |
| 25:27 | Queue | Villager (Male) |
| 25:31 | Build | Mill |
| 25:32 | Build | Farm |
| 25:32 | Build | Farm |
| 25:32 | Build | Farm |
| 25:32 | Build | Farm |
Match timeline
| 7:40 | NewNormal · first_building Barracks |
| 9:02 | NewNormal · age_up feudal |
| 9:04 | NewNormal · first_building Stable |
| 10:13 | VENI.VIDI.VICI. · age_up feudal |
| 11:06 | VENI.VIDI.VICI. · wall_segment Palisade Wall x3 |
| 13:38 | VENI.VIDI.VICI. · wall_segment Palisade Wall x4 |
| 13:45 | VENI.VIDI.VICI. · wall_segment Palisade Wall x4 |
| 13:50 | VENI.VIDI.VICI. · wall_segment Palisade Wall x4 |
| 15:01 | VENI.VIDI.VICI. · first_building Barracks |
| 20:18 | NewNormal · first_market_buy 100 food |
| 20:21 | NewNormal · first_market_sell 500 stone |
| 21:04 | VENI.VIDI.VICI. · wall_segment Palisade Wall x5 |
| 21:14 | VENI.VIDI.VICI. · wall_segment Palisade Wall x3 |
| 21:16 | VENI.VIDI.VICI. · wall_segment Palisade Wall x1 |
| 23:05 | VENI.VIDI.VICI. · first_market_sell 100 wood |
| 23:33 | NewNormal · age_up castle |
| 23:36 | VENI.VIDI.VICI. · first_building Stable |
| 24:01 | NewNormal · first_building Castle |
| 24:13 | VENI.VIDI.VICI. · wall_segment Stone Wall x11 |
| 24:24 | VENI.VIDI.VICI. · wall_segment Palisade Wall x9 |
| 24:35 | VENI.VIDI.VICI. · wall_segment Palisade Wall x9 |
| 24:45 | VENI.VIDI.VICI. · wall_segment Stone Wall x6 |
| 25:17 | VENI.VIDI.VICI. · wall_segment Stone Wall x9 |
| 25:21 | VENI.VIDI.VICI. · wall_segment Stone Wall x4 |
| 26:24 | VENI.VIDI.VICI. · age_up castle |
| 27:42 | VENI.VIDI.VICI. · wall_segment Palisade Wall x1 |
| 27:45 | VENI.VIDI.VICI. · wall_segment Palisade Wall x1 |
| 32:27 | VENI.VIDI.VICI. · first_building Monastery |
| 38:15 | NewNormal · age_up imperial |
| 38:18 | NewNormal · first_building Monastery |
| 38:51 | VENI.VIDI.VICI. · first_market_buy 100 food |
| 39:00 | VENI.VIDI.VICI. · first_building Siege Workshop |
| 41:07 | VENI.VIDI.VICI. · wall_segment Stone Wall x13 |
| 43:01 | VENI.VIDI.VICI. · age_up imperial |
| 43:26 | VENI.VIDI.VICI. · wall_segment Stone Wall x21 |
| 45:34 | VENI.VIDI.VICI. · wall_segment Stone Wall x1 |
| 46:33 | VENI.VIDI.VICI. · first_building Castle |
| 54:05 | VENI.VIDI.VICI. · wall_segment Stone Wall x1 |
| 55:16 | VENI.VIDI.VICI. · wall_segment Stone Wall x7 |
| 57:08 | VENI.VIDI.VICI. · wall_segment Stone Wall x1 |
| 58:17 | VENI.VIDI.VICI. · wall_segment Stone Wall x1 |
| 58:19 | VENI.VIDI.VICI. · wall_segment Stone Wall x5 |
| 61:59 | VENI.VIDI.VICI. · wall_segment Stone Wall x6 |
| 64:22 | NewNormal · first_building Siege Workshop |
| 65:35 | VENI.VIDI.VICI. · first_building Archery Range |
| 66:35 | VENI.VIDI.VICI. · wall_segment Stone Wall x2 |
| 66:42 | VENI.VIDI.VICI. · wall_segment Stone Wall x2 |
| 68:02 | VENI.VIDI.VICI. · wall_segment Stone Wall x1 |
| 68:52 | VENI.VIDI.VICI. · wall_segment Stone Wall x1 |
| 68:54 | VENI.VIDI.VICI. · wall_segment Stone Wall x1 |
| 68:56 | VENI.VIDI.VICI. · wall_segment Stone Wall x1 |
| 70:05 | VENI.VIDI.VICI. · wall_segment Stone Wall x1 |
| 73:45 | VENI.VIDI.VICI. · wall_segment Stone Wall x7 |
| 73:51 | VENI.VIDI.VICI. · wall_segment Stone Wall x15 |
| 77:56 | VENI.VIDI.VICI. · wall_segment Stone Wall x1 |
| 77:58 | VENI.VIDI.VICI. · wall_segment Stone Wall x1 |
| 78:43 | VENI.VIDI.VICI. · wall_segment Stone Wall x10 |
| 78:57 | VENI.VIDI.VICI. · wall_segment Stone Wall x5 |
| 79:44 | VENI.VIDI.VICI. · wall_segment Stone Wall x2 |
| 84:21 | VENI.VIDI.VICI. · wall_segment Stone Wall x1 |
| 87:52 | VENI.VIDI.VICI. · wall_segment Stone Wall x1 |
| 87:54 | VENI.VIDI.VICI. · wall_segment Stone Wall x1 |
| 88:41 | VENI.VIDI.VICI. · wall_segment Stone Wall x1 |
| 90:52 | VENI.VIDI.VICI. · wall_segment Stone Wall x2 |
| 92:00 | VENI.VIDI.VICI. · wall_segment Stone Wall x7 |
| 92:03 | VENI.VIDI.VICI. · wall_segment Stone Wall x1 |
| 92:44 | VENI.VIDI.VICI. · wall_segment Stone Wall x3 |
[ AI ANALYSIS · 1 CREDIT ]
What really happened in this match?
Wolo.gg analyzes every decision: build order, eco, micro, common mistakes by bracket. Personalized analysis on WhatsApp or Discord in 30 seconds.
Civ guide
Teutons
Perfil
Jugador #4507158